 Dungeon Crawl Stone Soup version 0.28.0-53-g5a82cb258f (webtiles) character file.

Game seed: 16471699225932248407

33 Zeld the Magician (level 3, -2/19 HPs)
             Began as a Deep Elf Fire Elementalist on May 22, 2022.
             Slain by an ogre
             ... wielding a +0 giant spiked club
              (21 damage)
             ... on level 2 of the Dungeon.
             The game lasted 00:01:28 (1460 turns).

Zeld the Magician (Deep Elf Fire Elementalist)      Turns: 1460, Time: 00:01:28

Health: -2/19      AC:  2    Str:  5    XL:     3   Next: 12%
Magic:  6/10       EV: 13    Int: 21    God:
Gold:   68         SH:  0    Dex: 15    Spells: 3/9 levels left

rFire   . . .      SeeInvis .   (no weapon)
rCold   . . .      Faith    .   (no shield)
rNeg    . . .      Spirit   .   a - +0 robe
rPois   .          Reflect  .   (no helmet)
rElec   .          Harm     .   (no cloak)
rCorr   .          Rampage  .   (no gloves)
Will    .....                   (no boots)
Stlth   ++........              (no amulet)
HPRegen 0.06/turn               (no ring)
MPRegen 0.12/turn               (no ring)

@: no status effects
A: no striking features
a: no special abilities


You were on level 2 of the Dungeon.
You visited 1 branch of the dungeon, and saw 2 of its levels.

You collected 68 gold pieces.

Inventory:

Armour
 a - a +0 robe (worn)
Scrolls
 b - a scroll of vulnerability {unknown}
 d - a scroll of teleportation {unknown}
 e - a scroll of identify {unknown}
 f - a scroll of fog {unknown}
Potions
 c - a potion of haste {unknown}


   Skills:
 + Level 2.8 Dodging
 - Level 2.4 Stealth
 * Level 3.8 Spellcasting
 + Level 1.6 Conjurations
 + Level 0.0 Hexes
 * Level 3.8 Fire Magic


You had 3 spell levels left.
You knew the following spells:

 Your Spells              Type           Power      Damage    Failure   Level
a - Foxfire               Conj/Fire      60%        2x1d7     4%          1
b - Scorch                Fire           40%        2d7       3%          2
c - Inner Flame           Hex/Fire       12%        N/A       17%         3

Your spell library contained the following spells:

 Spells                   Type           Power      Damage    Failure   Level
 Conjure Flame            Conj/Fire      15%        6-21      12%         3
 Flame Wave               Conj/Fire      15%        2d6       36%         4


Dungeon Overview and Level Annotations

Branches:
Dungeon (2/15)

Altars:
Nemelex Xobeh

Shops:
D:1 [   D:2 *


Message History

You now have 56 gold pieces (gained 17).
Found 22 sling bullets.
Found 14 arrows.
e - a scroll labelled QOMMEE QEHE
Found a stone staircase leading up.
There is a stone staircase leading up here.
Key pressed, stopping explore.
No target in view!
No target in view!
You open the door.
You now have 68 gold pieces (gained 12).
Found a sparkling altar of Nemelex Xobeh.
A hobgoblin comes into view.
A hobgoblin is nearby!
A hobgoblin is nearby!
Found a stone staircase leading down.
Casting: Scorch (safe; 3% risk of failure)
Confirm with . or Enter, or press ? or * to list all spells.
Flames lash the hobgoblin.
You kill the hobgoblin!
f - a scroll labelled OGARIFF QERGH
Casting: Scorch (safe; 3% risk of failure)
Confirm with . or Enter, or press ? or * to list all spells.
You can't see any susceptible monsters within range! (Use Z to cast anyway.)
An ogre comes into view. It is wielding a +0 giant spiked club.
Found 9 gold pieces.
An ogre is nearby!
Casting: Scorch (safe; 3% risk of failure)
Confirm with . or Enter, or press ? or * to list all spells.
Flames lash the ogre.
The ogre is lightly wounded.
The ogre's fire resistance burns away.
Unknown command.
Casting: Scorch (safe; 3% risk of failure)
Confirm with . or Enter, or press ? or * to list all spells.
Flames lash the ogre.
The ogre is burned terribly!
The ogre is almost dead.
The ogre hits you with a +0 giant spiked club!!
Ouch! That really hurt!
You die...

.##........#........##
.##........#........#
.##........#..._....#
..#........#........#
..#......####.......##
..#......####........#
#......#...........#
#........##.#
#......@.# .#
#......O.# .#
.........# .#
#..!.....# ..
#.....$..# ##
#........# #........#
#........#


You could see an ogre (combustible).

Vanquished Creatures
  4 ball pythons (D:1)
  7 bats
  An endoplasm (D:1)
  A giant cockroach (D:1)
  A goblin (D:1)
  4 hobgoblins
  3 quokkas (D:1)
  3 frilled lizards (D:1)
  4 kobolds (D:1)
  3 rats (D:1)
31 creatures vanquished.

Vanquished Creatures (others)
  23 foxfires (D:1)
23 creatures vanquished.

Grand Total: 54 creatures vanquished

Notes
Turn   | Place    | Note
-------+----------+-------------------------------------------
     0 | D:1      | Zeld the Deep Elf Fire Elementalist began the quest for the
                  | Orb.
     0 | D:1      | Reached XP level 1. HP: 10/10 MP: 6/6
   297 | D:1      | Reached XP level 2. HP: 5/15 MP: 1/8
   313 | D:1      | Learned a level 2 spell: Scorch
   753 | D:1      | Found Barocay's Armour Shop.
  1132 | D:1      | Reached XP level 3. HP: 19/19 MP: 7/10
  1136 | D:1      | Learned a level 3 spell: Inner Flame
  1316 | D:2      | Found Upep's Assorted Antiques.
  1424 | D:2      | Found a sparkling altar of Nemelex Xobeh.
  1455 | D:2      | Noticed an ogre
  1460 | D:2      | Slain by an ogre

Illustrated notes

Levels and vault maps discovered:
D:1:      giann_wishing_wells, layout_loops_ring, serial_shops,
          nicolae_shop_window_shopping
D:2:      layout_basic, basic_altar, shapermc_ecumenical_altar_mp_vishouse,
          serial_shops, nicolae_square_shop

Action                   || total
-------------------------++-------
Melee: Unarmed           ||    15
       Punch             ||     1
 Cast: Foxfire           ||    23
       Scorch            ||    23
 Stab: Sleeping          ||     1
Armor: Robe              ||     4
Dodge: Dodged            ||    26
